 Dungeon Crawl Stone Soup version 0.28-a0-1616-g050a50673c (webtiles) character file.

Game seed: 17056261478621267623

27034 fragbeetle the Spear-Bearer (level 13, 0/99 HPs)
             Began as a Merfolk Ice Elementalist on Jan 23, 2022.
             Was an Initiate of Gozag.
             Slain by a minotaur (12 damage)
             ... in a Gauntlet.
             The game lasted 01:01:58 (19174 turns).

fragbeetle the Spear-Bearer (MfIE)                 Turns: 19174, Time: 01:01:59

Health: 0/99       AC: 21    Str: 11    XL:     13   Next: 29%
Magic:  2/20       EV: 16    Int: 18    God:    Gozag
Gold:   482        SH:  5    Dex: 18    Spells: 3/22 levels left

rFire   . . .      SeeInvis +   I - +5 trident of the Past {vorpal, Dex+2}
rCold   . . .      Faith    .   (no shield)
rNeg    . . .      Spirit   .   L - +0 acid dragon scales
rPois   +          Reflect  +   A - +1 hat of Gestures {Will+}
rElec   .          Harm     .   u - +0 cloak
rCorr   +          Rampage  .   d - +0 pair of gloves "Qannamax" {Fly rPois}
Will    +....      NoTele   +   Y - +0 pair of boots
Stlth   +++.......              B - amulet of reflection
HPRegen 0.26/turn               P - ring of Nurch {Wiz Str+3 SInv}
MPRegen 0.17/turn               i - +4 ring of protection

@: ice-armoured, freezing walls, flying
A: (nimble swimmer 2), mertail
a: Renounce Religion, Potion Petition, Call Merchant, Bribe Branch


You were in a Gauntlet.
You worshipped Gozag.
Gozag was aware of your devotion.
You visited 3 branches of the dungeon, and saw 15 of its levels.
You also visited: Ossuary and Gauntlet.

You collected 2482 gold pieces.
You spent 40 gold pieces at shops.
You paid 1960 gold pieces to Gozag.

Inventory:

Hand Weapons
 I - the +5 trident of the Past (weapon) {vorpal, Dex+2}
   (You found it on level 6 of the Dungeon)

   It inflicts extra damage upon your enemies.
   Dex:       It affects your dexterity (+2).
Missiles
 h - 14 poisoned darts
 k - 3 silver boomerangs
 m - 3 atropa-tipped darts
 n - 4 boomerangs (quivered)
 O - 8 throwing nets
Armour
 d - the +0 pair of gloves "Qannamax" (worn) {Fly rPois}
   (You found it on level 11 of the Dungeon)

   rPois:     It protects you from poison.
   Fly:       It grants you flight.
 u - a +0 cloak (worn)
 A - the +1 hat of Gestures (worn) {Will+}
   (You found it in a Gauntlet)

   Will:      It increases your willpower.
 L - +0 acid dragon scales (worn)
 Q - a +2 kite shield
 Y - a +0 pair of boots (worn)
Jewellery
 i - a +4 ring of protection (right hand)
 s - a ring of protection from fire
 y - the ring "Deyt" {rPois Will+ EV+4 Str-3}
   (You found it in a Gauntlet)

   [ring of evasion]

   EV:        It affects your evasion (+4).
   Str:       It affects your strength (-3).
   rPois:     It protects you from poison.
   Will:      It increases your willpower.
 B - an amulet of reflection (around neck)
 P - the ring of Nurch (left hand) {Wiz Str+3 SInv}
   (You took it off an orc priest on level 7 of the Dungeon)

   [ring of wizardry]

   It improves your spell success rate.
   Str:       It affects your strength (+3).
   SInv:      It lets you see invisible.
 U - a ring of willpower
Wands
 e - a wand of flame (7)
 l - a wand of charming (9)
 o - a wand of polymorph (21)
 p - a wand of iceblast (29)
Scrolls
 a - 3 scrolls of vulnerability
 r - 2 scrolls of blinking {unknown}
 v - 2 scrolls of enchant armour {unknown}
 w - a scroll of magic mapping
 x - 5 scrolls of teleportation
 G - a scroll of holy word {unknown}
 K - a scroll of fear {unknown}
 M - 2 scrolls of amnesia {unknown}
 N - a scroll of fog {unknown}
 V - a scroll of immolation
Potions
 b - 3 potions of berserk rage
 c - 2 potions of haste
 f - 2 potions of flight
 g - 2 potions of lignification
 j - 4 potions of curing
 q - 3 potions of heal wounds
 t - a potion of attraction
 z - 5 potions of cancellation
 F - 3 potions of might {unknown}
 H - a potion of magic {unknown}
 J - 2 potions of ambrosia {unknown}
 S - a potion of brilliance {unknown}
 T - a potion of invisibility {unknown}
 W - a potion of resistance {unknown}
Miscellaneous
 C - a tin of tremorstones (2/2)


   Skills:
 + Level 8.3 Fighting
 - Level 14.0 Polearms
 * Level 3.7 Armour
 - Level 8.1 Dodging
 - Level 5.0 Stealth
 - Level 5.0 Shields
 - Level 5.0 Spellcasting
 * Level 6.2 Conjurations
 * Level 7.5 Hexes
 - Level 10.0 Ice Magic
 * Level 4.9 Air Magic


You had 3 spell levels left.
You knew the following spells:

 Your Spells              Type           Power      Damage    Failure   Level
a - Freeze                Ice            100%       1d11      1%          1
b - Frozen Ramparts       Ice            80%        1d10      1%          3
c - Ozocubu's Armour      Ice            40%        N/A       1%          3
d - Fulminant Prism       Conj/Hex       14%        3d9       4%          4
e - Freezing Cloud        Conj/Ice/Air   14%        6-21      12%         5
f - Mephitic Cloud        Conj/Pois/Air  17%        N/A       5%          3

Your spell library contained the following spells:

 Spells                   Type           Power      Damage    Failure   Level
 Magic Dart               Conj           100%       1d8       1%          1
 Ensorcelled Hibernation  Hex/Ice        72%        N/A       1%          2
 Searing Ray              Conj           54%        2d6       1%          2
 Tukima's Dance           Hex            31%        N/A       1%          3
 Corpse Rot               Necr/Air       26%        N/A       4%          2
 Poisonous Vapours        Pois/Air       26%        N/A       4%          2
 Inner Flame              Hex/Fire       18%        N/A       5%          3
 Ignite Poison            Fire/Tmut/Pois 4%         N/A       24%         3
 Spider Form              Tmut/Pois      4%         N/A       24%         3
 Hailstorm                Conj/Ice       33%        3d8       2%          4
 Cause Fear               Hex            15%        N/A       3%          4
 Anguish                  Hex/Necr       9%         N/A       16%         4
 Enfeeble                 Hex            15%        N/A       95%         7
 Discord                  Hex            15%        N/A       100%        8


Dungeon Overview and Level Annotations

Branches:
Dungeon (11/15)            Temple (1/1) D:4            Lair (3/6) D:8
 Shoals (0/4) Lair:3       Spider (0/4) Lair:2      Ossuary (visited)
Gauntlet (1/1)
    Orc: D:9-12

Altars:
Ashenzari
Cheibriados
Dithmenos
Elyvilon
Fedhas
Gozag
Hepliaklqana
Kikubaaqudgha
Makhleb
Nemelex Xobeh
Okawaru
Qazlal
Ru
Sif Muna
Trog
Uskayaw
Vehumet
Wu Jian
Xom
Yredelemnul
Zin
The Shining One

Shops:
D:2 *!   D:7 (   Lair:1 (:

Annotations:
D:11 exclusion: boulder beetle
Lair:1 2 transporters, Erica; Fannar; timneilson's ghost, journeyman GrFi Gauntlet 8 transporters, 1 runed translucent door


Innate Abilities, Weirdness & Mutations

((You are very nimble when in or above water. (Stealth+, EV+, Speed+++)))
Your lower body shifts to a powerful aquatic tail in water.


Message History

Casting: Frozen Ramparts (safe; 1% risk of failure)
Press: ? - help, Dir - look around, f - activate The walls around you are covered in ice.
The minotaur is engulfed in freezing vapours.
The minotaur resists.
The wall freezes the minotaur.
Unknown command.
You completely miss the minotaur.
The minotaur furiously retaliates!
The minotaur headbutts you, but does no damage.
The minotaur is lightly wounded.
The minotaur resists.
The wall freezes the minotaur.
The minotaur hits you but does no damage.
The minotaur gores you.
You hit the minotaur but do no damage.
The minotaur is lightly wounded.
Your magical contamination has completely faded away.
You hit the minotaur but do no damage.
The minotaur is lightly wounded.
The minotaur completely resists.
The wall freezes the minotaur but does no damage.
The minotaur hits you with the +4 war axe of Wondrous Power {spect, rElec rPois MP+9 Int+4 Dex-4}!!
The minotaur barely misses you.
You hit the minotaur.
The minotaur is lightly wounded.
The minotaur resists.
The wall freezes the minotaur.
The minotaur hits you but does no damage.
The minotaur misses you.
You closely miss the minotaur.
The minotaur furiously retaliates!
The minotaur headbutts you.
The minotaur is lightly wounded.
You barely miss the minotaur.
The minotaur furiously retaliates!
The minotaur headbutts you!
* * * LOW HITPOINT WARNING * * *
The minotaur is lightly wounded.
The minotaur completely resists.
The wall freezes the minotaur but does no damage.
The minotaur hits you with the +4 war axe of Wondrous Power {spect, rElec rPois MP+9 Int+4 Dex-4}!
* * * LOW HITPOINT WARNING * * *
The minotaur gores you!
You die...
Your body crumbles into a pile of gold.

#:. #8. ####}.$#### ###8.#8.
#.8### #....#H. #....# #.#..#8.
#..#.# #.#..##§##..#.#
#.......H@....# #.#.##.#.##.#.#
#.#....#....#.# #.#.#######.#.#
#.......[.)...# ##...©.©.©...##
##########..8.8.8..##############
≈#≈#≈#≈####.......####≈#≈#≈#≈#§#≈
........#≈#########≈#............


You could see a minotaur.

Vanquished Creatures
  Harold (D:8)
  3 hydras
  2 two-headed ogres
  A centaur warrior (D:11)
  A death yak (Lair:2)
  Maurice (D:10)
  3 elephants (Lair:2)
  2 black mambas (Lair:2)
  7 cane toads
  A molten gargoyle (Gauntlet)
  Maggie (D:10)
  A torpor snail (Lair:2)
  9 komodo dragons
  A rime drake (Lair:2)
  A polar bear (Lair:2)
  A troll (D:10)
  Prince Ribbit (D:7)
  A dream sheep (Lair:2)
  A tyrant leech (Gauntlet)
  4 slime creatures
  2 shadows (D:10)
  2 wyverns
  26 yaks
  A vampire (D:7)
  A basilisk (Lair:1)
  Grum (D:8)
  A steam dragon (D:8)
  4 swamp worms (Gauntlet)
  7 water moccasins
  2 acid dragons (D:8)
  3 orc warriors
  An ice beast (D:7)
  A black bear (D:7)
  2 sky beasts (D:7)
  2 ogres
  6 centaurs
  3 wolves (D:8)
  A phantom (D:6)
  3 kobold brigands
  2 gnoll sergeants
  8 bullfrogs
  3 scorpions
  A wyvern zombie (Ossuary)
  A wyvern skeleton (D:6)
  3 water moccasin zombies (Ossuary)
  25 wights
  3 killer bees (D:10)
  3 howler monkeys
  6 centaur zombies
  A hound (D:7)
  A jelly (D:5)
  2 bullfrog zombies (Ossuary)
  Crazy Yiuf (D:3)
  6 orc priests
  Ijyb (D:3)
  Terence (D:3)
  5 iguanas
  Natasha (thrice) (D:2)
  10 orc wizards
  4 killer bee zombies
  19 mummies (Ossuary)
  Robin (D:3)
  2 howler monkey zombies (Ossuary)
  18 gnolls
  3 adders
  A shadow imp (D:7)
  2 adder skeletons (D:4)
  3 worms
  2 dart slugs (D:1)
  33 orcs
  6 endoplasms
  9 giant cockroaches
  17 goblins
  3 hobgoblins
  8 jackals
  27 kobolds
  3 quokkas
  9 ball pythons
  3 bats
  6 frilled lizards (D:3)
  7 rats
384 creatures vanquished.

Vanquished Creatures (others)
  A fulminant prism (D:10)
  8 fungi
  10 plants
  5 withered plants (Ossuary)
24 creatures vanquished.

Grand Total: 408 creatures vanquished

Notes
Turn   | Place    | Note
-------+----------+-------------------------------------------
     0 | D:1      | fragbeetle the Merfolk Ice Elementalist began the quest for
                  | the Orb.
     0 | D:1      | Reached XP level 1. HP: 13/13 MP: 3/3
   161 | D:1      | Reached XP level 2. HP: 11/20 MP: 0/5
   623 | D:1      | Reached skill level 1 in Fighting
   693 | D:1      | Reached XP level 3. HP: 24/26 MP: 3/6
  1259 | D:2      | Found Fuis's General Store.
  1612 | D:2      | Found Powiem's Distillery.
  1653 | D:2      | Found Haaf Ruele's Distillery.
  1664 | D:2      | Bought a potion of curing for 30 gold pieces
  1664 | D:2      | Bought a potion of degeneration for 10 gold pieces
  1991 | D:2      | Noticed Natasha
  2001 | D:2      | Killed Natasha
  2002 | D:2      | Reached skill level 5 in Ice Magic
  2002 | D:2      | Reached XP level 4. HP: 18/32 MP: 0/7
  2006 | D:2      | Learned a level 3 spell: Frozen Ramparts
  2010 | D:2      | Learned a level 3 spell: Ozocubu's Armour
  2088 | D:2      | Noticed Natasha
  2098 | D:2      | Killed Natasha
  2280 | D:2      | Noticed Natasha
  2291 | D:2      | Killed Natasha
  2292 | D:2      | Reached XP level 5. HP: 36/38 MP: 1/8
  2565 | D:3      | Found a broken altar of Ashenzari.
  2673 | D:3      | Found a faded altar of an unknown god.
  2673 | D:3      | Noticed Ijyb
  2693 | D:3      | Found a runed translucent door.
  2694 | D:3      | Noticed Crazy Yiuf
  2718 | D:3      | Noticed Terence
  2823 | D:3      | Killed Ijyb
  3023 | D:3      | Noticed Robin
  3046 | D:3      | Killed Robin
  3253 | D:3      | Found a stormy altar of Qazlal.
  3296 | D:3      | Reached XP level 6. HP: 41/46 MP: 2/9
  3673 | D:3      | Killed Terence
  4090 | D:3      | Killed Crazy Yiuf
  4091 | D:3      | Reached skill level 1 in Polearms
  4238 | D:4      | Found a shadowy altar of Dithmenos.
  4477 | D:4      | Found a staircase to the Ecumenical Temple.
  4486 | Temple   | Entered the Ecumenical Temple
  4827 | D:4      | Reached skill level 2 in Polearms
  4827 | D:4      | Reached XP level 7. HP: 38/52 MP: 4/11
  5245 | D:5      | Entered Level 5 of the Dungeon
  5613 | D:5      | Reached skill level 3 in Polearms
  5833 | D:5      | Reached skill level 5 in Dodging
  6094 | D:5      | Reached skill level 4 in Polearms
  6138 | D:5      | Found the +1 Delatra's gloves {ID++}
  6352 | D:6      | Reached XP level 8. HP: 37/60 MP: 8/12
  6506 | D:6      | Reached skill level 5 in Polearms
  7151 | D:6      | Reached skill level 6 in Polearms
  7202 | D:6      | Noticed a wyvern
  7208 | D:6      | Identified the +5 trident of the Past {vorpal, Dex+2}
  7262 | D:6      | Killed a wyvern
  7263 | D:6      | Reached XP level 9. HP: 47/66 MP: 7/15
  7384 | D:6      | Reached skill level 7 in Polearms
  7439 | D:6      | Found a snail-covered altar of Cheibriados.
  7866 | D:7      | Noticed Prince Ribbit
  7872 | D:7      | Killed Prince Ribbit
  7873 | D:7      | Reached skill level 5 in Fighting
  7873 | D:7      | Found a sand-covered staircase.
  7881 | D:7      | Reached skill level 8 in Polearms
  7928 | Ossuary  | Entered an ossuary
  8292 | Ossuary  | Reached skill level 9 in Polearms
  8309 | Ossuary  | Learned a level 4 spell: Fulminant Prism
  8471 | D:7      | Found a shimmering blue altar of Sif Muna.
  8472 | D:7      | Found Gerum's Antique Weapon Boutique.
  8474 | D:7      | Identified the ring of Nurch {Wiz Str+3 SInv}
  8487 | D:7      | Reached XP level 10. HP: 57/76 MP: 11/17
  8506 | D:7      | Reached skill level 5 in Spellcasting
  8675 | D:7      | Reached skill level 1 in Hexes
  8794 | D:7      | Reached skill level 1 in Shields
  8794 | D:7      | Reached skill level 1 in Conjurations
  9092 | D:8      | Reached skill level 10 in Polearms
  9092 | D:8      | Reached skill level 10 in Ice Magic
  9495 | D:8      | Found a staircase to the Lair.
  9505 | Lair:1   | Entered Level 1 of the Lair of Beasts
  9562 | D:8      | Found an opulent altar of Gozag.
  9630 | D:8      | Became a worshipper of Gozag Ym Sagoz the Greedy
  9772 | D:8      | Noticed Grum
  9780 | D:8      | Killed Grum
  9892 | D:8      | Noticed Harold
 10157 | D:8      | Reached XP level 11. HP: 64/83 MP: 14/18
 10176 | D:8      | Killed Harold
 10177 | D:8      | Reached skill level 11 in Polearms
 10803 | D:9      | Found a sacrificial altar of Ru.
 10850 | D:9      | Found a burning altar of Makhleb.
 10853 | D:9      | Found a glowing silver altar of Zin.
 10854 | D:9      | Noticed a balrug
 10854 | D:9      | Noticed an angel
 11116 | D:9      | Identified the +3 trident "Exiato" {antimagic, Int+4}
 11532 | D:10     | Entered Level 10 of the Dungeon
 11545 | D:10     | Noticed Maggie
 11663 | D:10     | Noticed Maurice
 11843 | D:10     | Killed Maurice
 12287 | D:10     | Identified the +7 mace "Arcanum" {freeze, rPois}
 12341 | D:10     | Learned a level 5 spell: Freezing Cloud
 12859 | D:10     | Noticed a two-headed ogre
 12892 | D:10     | Killed a two-headed ogre
 13158 | D:10     | Killed Maggie
 13310 | D:9      | Reached skill level 1 in Air Magic
 13507 | D:10     | Reached skill level 5 in Stealth
 13507 | D:10     | Reached skill level 5 in Shields
 13648 | D:11     | Reached skill level 12 in Polearms
 13698 | D:11     | Identified the +3 rapier of Coteguc {freeze, Str+2}
 13747 | D:11     | Noticed a two-headed ogre
 13770 | D:11     | Killed a two-headed ogre
 13771 | D:11     | Reached skill level 5 in Hexes
 13909 | D:11     | Identified the +0 pair of gloves "Qannamax" {Fly rPois}
 13925 | D:11     | Noticed a boulder beetle
 13998 | D:11     | Noticed a centaur warrior
 14012 | D:11     | Killed a centaur warrior
 14192 | D:11     | Reached XP level 12. HP: 65/91 MP: 19/19
 14943 | Lair:1   | Identified the +6 war axe of Ahuluf {vorpal, +Blink rElec}
 15023 | Lair:1   | Found a transporter.
 15097 | Lair:1   | Reached skill level 1 in Armour
 15246 | Lair:1   | Reached skill level 5 in Conjurations
 15333 | Lair:1   | Noticed a five-headed hydra
 15344 | Lair:1   | Killed a five-headed hydra
 15353 | Lair:1   | Noticed Erica
 15393 | Lair:1   | Noticed timneilson's ghost (journeyman GrFi)
 15402 | Lair:1   | Found a transporter.
 15469 | Lair:1   | Noticed Fannar
 15664 | Lair:1   | Reached skill level 13 in Polearms
 15673 | Lair:1   | Learned a level 3 spell: Mephitic Cloud
 16013 | Lair:2   | Found a hole to the Spider Nest.
 16739 | Lair:2   | Noticed a seven-headed hydra
 16747 | Lair:2   | Killed a seven-headed hydra
 17265 | Lair:2   | Reached XP level 13. HP: 76/98 MP: 16/20
 17600 | Lair:2   | Reached skill level 14 in Polearms
 18497 | Lair:3   | Found a gate leading to a gauntlet.
 18503 | Gauntlet | Entered a Gauntlet
 18503 | Gauntlet | Found a transporter.
 18512 | Gauntlet | Found a transporter.
 18513 | Gauntlet | Noticed a dire elephant
 18515 | Gauntlet | Found a transporter.
 18518 | Gauntlet | Found a transporter.
 18518 | Gauntlet | Found a transporter.
 18522 | Gauntlet | Found a transporter.
 18528 | Gauntlet | Found a transporter.
 18529 | Gauntlet | Found a transporter.
 18558 | Gauntlet | Found a runed translucent door.
 18595 | Gauntlet | Found a transporter.
 18598 | Gauntlet | Found a transporter.
 18600 | Gauntlet | Found a transporter.
 18615 | Gauntlet | Found a transporter.
 18691 | Gauntlet | Identified the ring "Deyt" {rPois Will+ EV+4 Str-3}
 18970 | Gauntlet | Identified the +1 hat of Gestures {Will+}
 19162 | Gauntlet | Identified the +4 war axe of Wondrous Power {spect, rElec
                  | rPois MP+9 Int+4 Dex-4}
 19162 | Gauntlet | Identified the +8 ice dragon scales "Hiquruas" {rF- rC++
                  | Will+ Dex+3 Stlth+}
 19162 | Gauntlet | Noticed a minotaur
 19174 | Gauntlet | Slain by a minotaur

Illustrated notes

Levels and vault maps discovered:
D:1:      wander_arrival_lonely_grave, layout_basic,
          chequers_serial_rivers_small_3
D:2:      minmay_kobold_bridge, layout_basic, serial_shops, shop_statue,
          nicolae_lakefront_shop, nicolae_shop_hallway_plus, uniq_natasha
D:3:      layout_loops_ring, ashenzari_altar_1,
          mainiacjoe_overflow_six_doors_small,
          hellmonk_ecumenical_altar_arch_garden, nrook_uturn, nicolae_wormholes,
          uniq_ijyb, uniq_robin, uniq_crazy_yiuf_cottage, uniq_terence
D:4:      layout_gridville, nicolae_dithmenos_through_a_glass_darkly,
          minmay_temple_entry_statues_pillars
D:5:      layout_loops_cross, pf_guarded_unrand_delatra
D:6:      layout_basic, marbit_many_paths
D:7:      layout_rooms, nicolae_sif_muna_condensation, serial_shops, shop,
          nicolae_ossuary_entry_false_entrances, uniq_prince_ribbit1
D:8:      layout_loops_ring, grunt_gozag_breadcrumbs, dpeg_oklobed_lair,
          uniq_grum, uniq_harold
D:9:      layout_loops_cross, grunt_temple_overflow_order_and_chaos_2,
          mainiacjoe_overflow_brackets, serial_glass, glass_columns_b,
          glass_columns_a
D:10:     layout_grid_maze, uniq_maurice, uniq_maggie
D:11:     layout_loops_ring
Temple:   oiseaux_autumnal_temple
Lair:1:   layout_big_grid, gammafunk_ghost_wrathful_warriors, st_stairs_13,
          chequers_serial_rivers_small_b, uniq_erica, uniq_fannar
Lair:2:   nzn_winding_woodlands_medium [nzn_winding_woodlands_5x5_perimeter,
          nzn_winding_woodlands_5x15_crooked, nzn_winding_woodlands_5x5_cross,
          nzn_winding_woodlands_5x5_closed_star,
          nzn_winding_woodlands_center_pierced_h,
          nzn_winding_woodlands_5x5_checkerboard,
          nzn_winding_woodlands_5x5_three, nzn_winding_woodlands_5x15_parted,
          nzn_winding_woodlands_5x5_open_star], layout_cave_pods,
          nicolae_spider_entry_non_spiders
Lair:3:   layout_misc_corridors, shoals_dummy_entry, gauntlet_entry_generic
Gauntlet: minmay_gauntlet_mixed_oops_all_seconds [minmay_gauntlet_arena_77_box,
          gammafunk_gauntlet_arena_spirals, minmay_gauntlet_arena_77_path,
          gammafunk_gauntlet_arena_arrow_garden,
          minmay_gauntlet_arena_77_chump_sandwich,
          gammafunk_gauntlet_arena_crates,
          nicolae_gauntlet_exit_dead_adventurers]

Skill      XL: |  1  2  3  4  5  6  7  8  9 10 11 12 13 |
---------------+----------------------------------------+-----
Dodging        | 3 4 5 6 7 8 |  8.1
Fighting       | 1 2 3 4 5 6 7 8 |  8.3
Stealth        | 3 4 5 |  5.0
Ice Magic      | 5 6 7 8 9 10 | 10.0
Polearms       | 2 4 6 9 10 12 13 14 | 14.0
Spellcasting   | 3 4 5 |  5.0
Hexes          | 3 5 7 |  7.5
Shields        | 3 5 |  5.0
Conjurations   | 2 4 5 6 |  6.2
Air Magic      | 2 4 |  4.9
Armour         | 3 |  3.7

Action                   |  1- 3 |  4- 6 |  7- 9 | 10-12 | 13-15 || total
-------------------------+-------+-------+-------+-------+-------++-------
Melee: Whip              |    85 |    94 |       |       |       ||   179
       Unarmed           |     3 |     1 |       |       |       ||     4
       Punch             |     1 |     1 |     4 |    15 |     3 ||    24
       Halberd           |       |    51 |   140 |       |       ||   191
       Spear             |       |     4 |       |       |       ||     4
       Trident           |       |       |   162 |   551 |    98 ||   811
       Tailslap          |       |       |     5 |       |       ||     5
Throw: Dart              |       |     3 |       |     8 |       ||    11
       Boomerang         |       |     8 |     2 |    25 |       ||    35
 Cast: Freeze            |    43 |     1 |     2 |       |       ||    46
       Frozen Ramparts   |       |    14 |    37 |    77 |    11 ||   139
       Ozocubu's Armour  |       |     9 |    19 |    41 |     6 ||    75
       Fulminant Prism   |       |       |       |     1 |       ||     1
       Freezing Cloud    |       |       |       |     2 |     1 ||     3
Invok: Call Merchant     |       |       |       |       |     2 ||     2
Evoke: Wand              |       |       |       |     1 |       ||     1
  Use: Scroll            |       |       |     1 |    10 |     1 ||    12
       Potion            |       |       |       |     1 |     2 ||     3
 Stab: Sleeping          |     2 |     9 |     2 |     5 |       ||    18
       Distracted        |       |       |     2 |     5 |     1 ||     8
Armor: Robe              |    35 |    43 |    87 |    24 |       ||   189
       Acid dragon scale |       |       |       |   159 |    22 ||   181
Dodge: Dodged            |    93 |    91 |   181 |   263 |    35 ||   663
Block: Other             |       |       |       |    15 |     7 ||    22

Table legend: (Time is in decaauts)
 A = Elapsed time spent in this place.
 B = Non-inter-level travel time spent in this place.
 C = Inter-level travel time spent in this place.
 D = Time resting spent in this place.
 E = Time spent auto-exploring this place.
 F = Levels seen in this place.
 G = Mean time per level.
                   A        B        C        D        E       F      G
               +--------+--------+--------+--------+--------+-----+--------+
         Total |  18971 |  18517 |    454 |   4881 |   8366 |  17 | 1115.9 |
       Dungeon |  13965 |  13601 |    364 |   3031 |   7035 |  11 | 1269.5 |
        Temple |    203 |    183 |     20 |      0 |    169 |   1 |  203.0 |
          Lair |   3652 |   3584 |     68 |   1339 |   1078 |   3 | 1217.3 |
       Ossuary |    501 |    501 |      0 |    147 |     83 |   1 |  501.0 |
      Gauntlet |    647 |    647 |      0 |    363 |      0 |   1 |  647.0 |
               +--------+--------+--------+--------+--------+-----+--------+

Top non-repeatable levels by time:
  Lair:2: 2465 daAuts
    D:10: 1882 daAuts
     D:8: 1625 daAuts
     D:3: 1610 daAuts
     D:2: 1412 daAuts
     D:6: 1340 daAuts
     D:5: 1275 daAuts
  Lair:1: 1176 daAuts
     D:1: 1163 daAuts
    D:11: 1113 daAuts
     D:9: 993 daAuts
     D:4: 853 daAuts
     D:7: 695 daAuts
Gauntlet: 647 daAuts
 Ossuary: 501 daAuts
